 Dungeon Crawl Stone Soup version 0.30-a0-799-g109b55a442 (webtiles) character file.

Game seed: 14587528796697350266

4127 Darius099 the Severer (level 10, -8/78 HPs)
             Began as a Minotaur Fighter on Feb 17, 2023.
             Was an Elder of Okawaru.
             Mangled by a two-headed ogre
             ... wielding a +0 giant club
              (20 damage)
             ... on level 8 of the Dungeon on Feb 21, 2023.
             The game lasted 00:21:22 (6583 turns).

Darius099 the Severer (Minotaur Fighter)            Turns: 6583, Time: 00:21:22

Health: -8/78      AC: 12    Str: 24    XL:     10   Next: 6%
Magic:  2/11       EV:  9    Int:  5    God:    Okawaru [****..]
Gold:   341        SH:  6    Dex: 11    Spells: 9/9 levels left

rFire   . . .      SeeInvis +    a - +0 war axe
rCold   + . .      Faith    .    c - +0 buckler
rNeg    . . .      Spirit   .    G - +0 chain mail
rPois   .          Reflect  .    (helmet restricted)
rElec   .          Harm     .    E - +0 cloak
rCorr   .          Rampage  .    (no gloves)
Will    .....                    (no boots) Stlth
                                 I - amulet of regeneration
HPRegen 1.13/turn                w - ring of see invisible
MPRegen 0.12/turn                B - ring of protection from cold

@: heroic, finesse-ful
A: horns 2, retaliatory headbutt
a: Renounce Religion, Heroism, Finesse


You were on level 8 of the Dungeon.
You worshipped Okawaru.
Okawaru was greatly pleased with you.
You visited 2 branches of the dungeon, and saw 9 of its levels.

You collected 341 gold pieces.

Inventory:

Hand Weapons
 a - a +0 war axe (weapon)
Missiles
 q - 2 boomerangs (quivered)
 t - 16 stones
Armour
 b - a +0 scale mail
 c - a +0 buckler (worn)
 E - a +0 cloak (worn)
 G - a +0 chain mail (worn)
Jewellery
 n - an amulet of magic regeneration
 w - a ring of see invisible (left hand)
 y - an amulet of guardian spirit
 B - a ring of protection from cold (right hand)
 C - an amulet of reflection
 H - a ring of resist corrosion
 I - an amulet of regeneration (around neck)
Wands
 r - a wand of roots (9)
 s - a wand of quicksilver (14)
 x - a wand of paralysis (3)
Scrolls
 e - 6 scrolls of identify {unknown}
 g - 3 scrolls of immolation {unknown}
 h - 2 scrolls of acquirement {unknown}
 k - 2 scrolls of enchant weapon {unknown}
 l - 2 scrolls of blinking {unknown}
 m - 4 scrolls of teleportation {unknown}
 p - a scroll of magic mapping {unknown}
 u - a scroll of brand weapon {unknown}
 v - 2 scrolls of silence {unknown}
 D - 2 scrolls of vulnerability {unknown}
 F - 2 scrolls of summoning {unknown}
Potions
 d - a potion of might
 f - 4 potions of curing
 i - a potion of flight {unknown}
 j - a potion of degeneration {unknown}
 o - 2 potions of mutation {unknown}
 z - a potion of brilliance {unknown}
 A - 2 potions of lignification {unknown}


   Skills:
 - Level 4.0(9.0) Fighting
 - Level 16.0(21.0) Axes
 + Level 3.0(8.0) Throwing
 - Level 4.0(9.0) Armour
 - Level 3.9(8.9) Shields
 + Level 3.1 Invocations


You had 9 spell levels left.
You didn't know any spells.
Your spell library contained the following spells:

 Spells                   Type           Power      Damage    Failure   Level
 Apportation              Tloc           0%         N/A       98%         1
 Magic Dart               Conj           0%         1d3       98%         1
 Necrotise                Necr           0%         1d4       98%         1
 Searing Ray              Conj           0%         2d4       99%         2
 Dazzling Flash           Conj/Hex       0%         N/A       100%        3
 Ignite Poison            Fire/Tmut/Pois 0%         N/A       100%        3
 Kindle Blastsparks       Fire/Tloc/Air  0%         2d10      100%        3
 Fulminant Prism          Conj/Hex       0%         3d5       100%        4
 Iskenderun's Mystic Bla  Conj/Tloc      0%         2d3       100%        4
 Blade Hands              Tmut           0%         N/A       100%        5
 Freezing Cloud           Conj/Ice/Air   0%         6-21      100%        5
 Irradiate                Conj/Tmut      0%         3d11      100%        5
 Starburst                Conj/Fire      0%         6d3       100%        6
 Dragon Form              Tmut           0%         N/A       100%        7
 Summon Small Mammal      Summ           Unusable   N/A       N/A         1

Dungeon Overview and Level Annotations

Branches:
Dungeon (8/15)             Temple (1/1) D:4
   Lair: D:8-11

Altars:
Ashenzari
Cheibriados
Dithmenos
Elyvilon
Gozag
Hepliaklqana
Kikubaaqudgha
Makhleb
Nemelex Xobeh
Okawaru
Qazlal
Ru
Sif Muna
Trog
Uskayaw
Vehumet
Wu Jian
Xom
Yredelemnul
Zin
The Shining One

Shops:
D:3 =


Innate Abilities, Weirdness & Mutations

You have a pair of horns on your head.
You reflexively headbutt those who attack you in melee.


Message History

The wraith is lightly damaged.
You slash the wraith! Your headbutt misses the wraith.
The wraith is moderately damaged.
The wraith hits you but does no damage.
You hit the wraith.
The wraith is heavily damaged.
The wraith hits you. The wraith drains your vigour!
You feel yourself slow down.
You hit the wraith but do no damage.
The wraith is heavily damaged.
The wraith hits you but does no damage.
You closely miss the wraith. You headbutt the wraith.
The wraith is heavily damaged.
The wraith hits you!
You slash the wraith!
You destroy the wraith!
Okawaru accepts your kill.
You can now enter into single combat with a foe.
Okawaru will now gift you equipment as you gain piety.
The centaur warrior shoots an arrow.
The arrow completely misses you.
Your Throwing skill increases to level 3!
Your Invocations skill increases to level 3!
You gain the combat prowess of a mighty hero.
You can no longer enter into single combat with a foe.
Okawaru will no longer gift you equipment.
The centaur warrior shoots an arrow.
The arrow completely misses you.
The two-headed ogre hits you with a +0 giant club! x2
You feel more confident with your borrowed prowess.
You block the two-headed ogre's attack.
The two-headed ogre hits you with a +0 giant club!
You can now deal lightning-fast blows.
You feel yourself speed up.
The two-headed ogre hits you with a +0 giant club!
* * * LOW HITPOINT WARNING * * *
The two-headed ogre hits you with a +0 giant club!
* * * LOW HITPOINT WARNING * * *
It was a potion of curing.
You feel better.
You hit the two-headed ogre.
The two-headed ogre is lightly wounded.
The two-headed ogre hits you with a +0 giant club!!
You die...

....## ......#
##....### .....#.#
.###....###.#..#.#
...###....#.#..#.#
#....###.......#.#
###....###.....#.#
..###....###c#O#.#
....###....#.#.#.#
##...........W.#@#
##############.#O###
.......####.....c..#
.......))..........#
##########..##.....#
##........#
#..###.### #......#
#.##.###


You could see a centaur warrior and a two-headed ogre.

Vanquished Creatures
  An ugly thing (D:8)
  Maggie (D:8)
  A troll (D:7)
  A wraith (D:8)
  A steam dragon (D:6)
  Menkaure (D:4)
  2 water moccasins (D:7)
  An orc warrior (D:6)
  A black bear (D:7)
  2 ice beasts
  3 ogres
  2 centaurs
  A phantom (D:5)
  4 bullfrogs
  3 necrophages
  A gnoll sergeant (D:6)
  3 wights (D:8)
  3 killer bees (D:6)
  2 howler monkeys (D:6)
  7 hounds
  2 jellies
  2 gnoll boudas (D:6)
  Jessica (D:3)
  4 iguanas
  2 orc wizards (D:6)
  Natasha (twice) (D:4)
  17 gnolls
  5 adders
  A shadow imp (D:7)
  A white imp (D:7)
  2 ufetubi (D:4)
  2 worms
  2 dart slugs
  20 orcs
  4 endoplasms
  2 giant cockroaches (D:4)
  8 goblins
  9 hobgoblins
  8 jackals
  12 kobolds
  2 quokkas
  6 ball pythons
  10 bats
  3 frilled lizards (D:1)
  8 rats
  A spectral hobgoblin (D:2)
177 creatures vanquished.

Vanquished Creatures (others)
  A goblin (D:3)
  24 plants (D:2)
25 creatures vanquished.

Grand Total: 202 creatures vanquished

Notes
Turn   | Place    | Note
-------+----------+-------------------------------------------
     0 | D:1      | Darius099 the Minotaur Fighter began the quest for the Orb.
     0 | D:1      | Reached XP level 1. HP: 19/19 MP: 0/0
    15 | D:1      | Upgraded the game from 0.30-a0-779-g7971cf19c3 to
                  | 0.30-a0-799-g109b55a442
    94 | D:1      | Reached XP level 2. HP: 27/27 MP: 1/1
   221 | D:1      | Reached skill level 3 in Axes
   398 | D:1      | Reached XP level 3. HP: 14/32 MP: 2/2
   598 | D:2      | Reached skill level 4 in Axes
   603 | D:2      | Reached XP level 4. HP: 34/40 MP: 3/3
   861 | D:2      | Found a faded altar of an unknown god.
   943 | D:2      | Reached skill level 5 in Axes
  1363 | D:3      | Noticed a torpor snail
  1389 | D:3      | Found a snail-covered altar of Cheibriados.
  1390 | D:3      | Noticed a torpor snail
  1413 | D:3      | Noticed a torpor snail
  1510 | D:3      | Found Icvuig's Jewellery Shoppe.
  1577 | D:3      | Found a broken altar of Ashenzari.
  1586 | D:3      | Found a burning altar of Makhleb.
  1586 | D:3      | Found a white marble altar of Elyvilon.
  1586 | D:3      | Found an ancient bone altar of Kikubaaqudgha.
  1587 | D:3      | Found a glowing silver altar of Zin.
  1587 | D:3      | Found an opulent altar of Gozag.
  1587 | D:3      | Found a radiant altar of Vehumet.
  1587 | D:3      | Found a glowing golden altar of the Shining One.
  1625 | D:3      | Found an ornate altar of the Wu Jian Council.
  1626 | D:3      | Found a sacrificial altar of Ru.
  1626 | D:3      | Found a bloodstained altar of Trog.
  1663 | D:3      | Reached XP level 5. HP: 46/46 MP: 4/4
  1926 | D:3      | Noticed Jessica
  1931 | D:3      | Killed Jessica
  1932 | D:3      | Reached skill level 6 in Axes
  2056 | D:4      | Found a staircase to the Ecumenical Temple.
  2075 | Temple   | Entered the Ecumenical Temple
  2155 | Temple   | Became a worshipper of Warmaster Okawaru
  2271 | D:4      | Found a stormy altar of Qazlal.
  2307 | D:4      | Noticed a centaur
  2313 | D:4      | Killed a centaur
  2314 | D:4      | Reached skill level 7 in Axes
  2314 | D:4      | Reached XP level 6. HP: 44/52 MP: 5/5
  2355 | D:4      | Noticed Menkaure
  2357 | D:4      | Paralysed by a goblin for 3 turns
  2359 | D:4      | Noticed Natasha
  2368 | D:4      | Killed Menkaure
  2368 | D:4      | Reached * piety under Okawaru
  2369 | D:4      | Reached skill level 8 in Axes
  2370 | D:4      | Killed Natasha
  2677 | D:4      | Noticed Natasha
  2682 | D:4      | Killed Natasha
  2683 | D:4      | Reached XP level 7. HP: 55/59 MP: 6/6
  2713 | D:5      | Entered Level 5 of the Dungeon
  2720 | D:5      | Identified the +0 leather armour of Misanthropy {MP+9}
  2928 | D:5      | Reached skill level 9 in Axes
  3057 | D:5      | Found a shadowy altar of Dithmenos.
  3130 | D:5      | Reached ** piety under Okawaru
  3358 | D:5      | Reached skill level 10 in Axes
  3608 | D:6      | Reached XP level 8. HP: 40/66 MP: 7/7
  3611 | D:6      | Reached skill level 11 in Axes
  4133 | D:6      | Reached skill level 12 in Axes
  4531 | D:6      | Reached *** piety under Okawaru
  4532 | D:6      | Reached skill level 13 in Axes
  4937 | D:6      | Reached XP level 9. HP: 71/71 MP: 8/8
  5295 | D:7      | Reached skill level 14 in Axes
  5311 | D:7      | Found a sparkling altar of Nemelex Xobeh.
  5437 | D:7      | Noticed a troll
  5463 | D:7      | Killed a troll
  5464 | D:7      | Reached skill level 15 in Axes
  5910 | D:7      | Reached **** piety under Okawaru
  6430 | D:8      | Noticed a green ugly thing
  6445 | D:8      | Killed a green ugly thing
  6446 | D:8      | Reached skill level 16 in Axes
  6501 | D:8      | Noticed Maggie
  6519 | D:8      | Killed Maggie
  6520 | D:8      | Reached XP level 10. HP: 65/78 MP: 9/11
  6555 | D:8      | Noticed a centaur warrior
  6560 | D:8      | Noticed a two-headed ogre
  6578 | D:8      | Reached ***** piety under Okawaru
  6581 | D:8      | HP: 1/78 [two-headed ogre/+0 giant club (13)]
  6583 | D:8      | Mangled by a two-headed ogre

Illustrated notes

Levels and vault maps discovered:
D:1:      dpeg_arrival_concentric_ovals, layout_rooms
D:2:      layout_loops_ring, dreamdust_ecumenical_altar_drowned_temple,
          serial_bayou, serial_bayou_lagoon_b, serial_bayou_crossing,
          serial_bayou_shore_a, serial_bayou_lake_a
D:3:      layout_basic, cheibriados_altar_2, nicolae_overflows_in_rows,
          serial_shops, nicolae_shop_stone, st_stairs_12, uniq_jessica
D:4:      layout_rooms, lemuel_doored_altar, minmay_temple_entry_mini_moons,
          uniq_menkaure, uniq_natasha
D:5:      layout_basic, kennysheep_little_box
D:6:      minmay_diamond_boxcup, layout_basic, hex_intersection, minivault_4
D:7:      layout_basic, nemelex_xobeh_ov_fountains_minmay
D:8:      minmay_tri_box, layout_basic, hellmonk_guarded_unrand_gong,
          uniq_maggie
Temple:   nicolae_temple_superstar

Skill      XL: |  1  2  3  4  5  6  7  8  9 10 |
---------------+-------------------------------+-----
Armour         | 4 |  4.0
Axes           | 3 4 5 7 8 10 13 16 | 16.0
Fighting       | 4 |  4.0
Throwing       | 2 3 |  3.0
Invocations    | 2 3 |  3.1
Shields        | |  3.9

Action                     |  1- 3 |  4- 6 |  7- 9 | 10-12 || total
---------------------------+-------+-------+-------+-------++-------
  Melee: War axe           |    62 |   123 |   325 |     8 ||   518
         Headbutt          |     6 |    22 |    50 |     1 ||    79
 Invoke: Heroism           |       |       |       |     2 ||     2
         Finesse           |       |       |       |     1 ||     1
    Use: Potion            |       |       |       |     1 ||     1
   Stab: Distracted        |       |       |     1 |       ||     1
 Armour: Scale mail        |    29 |    65 |    54 |       ||   148
         Chain mail        |       |       |     6 |     2 ||     8
  Dodge: Dodged            |    28 |    64 |    92 |     4 ||   188
  Block: Buckler           |    16 |    31 |   129 |     3 ||   179
         Reflection        |       |       |     2 |       ||     2

Table legend: (Time is in decaauts)
 A = Elapsed time spent in this place.
 B = Non-inter-level travel time spent in this place.
 C = Inter-level travel time spent in this place.
 D = Time resting spent in this place.
 E = Time spent auto-exploring this place.
 F = Levels seen in this place.
 G = Mean time per level.
                   A        B        C        D        E       F      G
               +--------+--------+--------+--------+--------+-----+--------+
         Total |   6686 |   6568 |    118 |   1140 |   3565 |   9 |  742.9 |
       Dungeon |   6580 |   6462 |    118 |   1140 |   3502 |   8 |  822.5 |
        Temple |    105 |    105 |      0 |      0 |     63 |   1 |  105.0 |
               +--------+--------+--------+--------+--------+-----+--------+

Top non-repeatable levels by time:
     D:6: 1696 daAuts
     D:7: 1008 daAuts
     D:5: 866 daAuts
     D:2: 866 daAuts
     D:3: 821 daAuts
     D:1: 586 daAuts
     D:4: 463 daAuts
     D:8: 270 daAuts
  Temple: 105 daAuts
